 Dungeon Crawl Stone Soup version 0.30.1-11-g7821555f0a (webtiles) character file.

Game seed: 17646156737856215452

41 Martska the Trooper (level 3, -6/29 HPs)
             Began as a Demonspawn Fighter on Dec 14, 2023.
             Mangled by Sigmund
             ... wielding a +0 scythe
              (7 damage)
             ... on level 2 of the Dungeon.
             The game lasted 00:01:26 (1456 turns).

Martska the Trooper (Demonspawn Fighter)            Turns: 1456, Time: 00:01:27

Health: -6/29      AC:  6    Str: 18    XL:     3   Next: 32%
Magic:  3/3        EV:  9    Int: 15    God:
Gold:   106        SH:  4    Dex: 12    Spells: 2/2 levels left

rFire   . . .        f - +2 dagger (venom)
rCold   . . .        c - +0 buckler
rNeg    . . .        b - +0 scale mail
rPois   .            (no helmet)
rElec   .            (no cloak)
rCorr   .            (no gloves)
SInv    .            (no boots)
Will    .....        (no amulet) Stlth
                     k - +6 ring of intelligence
HPRegen 0.24/turn    (no ring)
MPRegen 0.08/turn

%: no passive effects
@: no status effects
A: claws 1
a: no special abilities


You were on level 2 of the Dungeon.
You visited 1 branch of the dungeon, and saw 2 of its levels.

You collected 106 gold pieces.

Inventory:

Hand Weapons
 a - a +0 war axe
 f - a +2 dagger of venom (weapon)
Armour
 b - a +0 scale mail (worn)
 c - a +0 buckler (worn)
Jewellery
 k - a +6 ring of intelligence (left claw)
 o - a ring of ice
 p - a ring of resist corrosion
Scrolls
 e - 2 scrolls of fog {unknown}
 g - a scroll of enchant armour {unknown}
 i - a scroll of vulnerability {unknown}
 j - a scroll of teleportation {unknown}
 l - a scroll of enchant weapon {unknown}
Potions
 d - 2 potions of might
 h - a potion of haste {unknown}
 m - a potion of berserk rage {unknown}
 n - a potion of lignification {unknown}


   Skills:
 * Level 3.4 Fighting
 - Level 1.7 Axes
 + Level 2.9 Armour
 * Level 1.3 Dodging
 - Level 2.7 Shields
 * Level 0.8 Unarmed Combat


You had 2 spell levels left.
You didn't know any spells.
Your spell library contained the following spells:

 Spells                   Type           Power      Damage    Failure   Level
 Volatile Blastmotes      Fire/Tloc      0%         2d10      97%         3
 Animate Dead             Necr           0%         N/A       100%        4
 Fulminant Prism          Conj/Hex       0%         3d5       100%        4
 Iskenderun's Mystic Bla  Conj/Tloc      0%         2d3       100%        4
 Lee's Rapid Deconstruct  Erth           0%         3d4*      100%        5
 Haunt                    Necr/Summ      0%         N/A       100%        7
 Infestation              Necr           0%         N/A       100%        8


Dungeon Overview and Level Annotations

Branches:
Dungeon (2/15)

Altars:

Annotations:
D:2 1 runed translucent door, Crazy Yiuf, Sigmund


Innate Abilities, Weirdness & Mutations

You have sharp fingernails.


Message History

No target in view!
Found a runed translucent door.
Crazy Yiuf shouts!
Crazy Yiuf glowers.
Found a stone staircase leading down.
Sigmund the Dreaded comes into view.
He is wielding a +0 scythe.
Found a trident.
Sigmund shouts!
A frilled lizard comes into view.
Found a stone staircase leading up.
Sigmund hits you with a +0 scythe.
There are monsters nearby!
You closely miss Sigmund. Sigmund hits you with a +0 scythe.
There are monsters nearby!
You barely miss Sigmund. You closely miss Sigmund. Sigmund barely misses you.
You barely miss Sigmund.
The frilled lizard bites you but does no damage.
Sigmund gestures at you while chanting. The magic dart hits you!
You closely miss Sigmund.
The frilled lizard bites you but does no damage.
You block Sigmund's attack.
You closely miss Sigmund. The frilled lizard closely misses you.
You hit Sigmund.
Sigmund is poisoned.
Sigmund is lightly wounded.
Sigmund points at you and mumbles some strange words.
The magic dart hits you.
* * * LOW HITPOINT WARNING * * *
The frilled lizard closely misses you.
You hit Sigmund but do no damage.
Sigmund is lightly wounded.
Sigmund gestures wildly while chanting.
Sigmund flickers and vanishes!
Deactivating autopickup; reactivate with Ctrl-A.
The frilled lizard barely misses you.
You barely miss something. Something hits you.
* * * LOW HITPOINT WARNING * * *
The frilled lizard barely misses you. Something hits you!
You die...

########### ##.........##
#..######...# #.## #...#
<########.## ##...#
.......l@..# #...## #
####..{....# ##...# #
#.......# ##...## #
#)......###...## #
.........##...## # ###
###.......##...#
###.########.......#...##
#..........#.......#...#
............... ..>#...#


You could see a frilled lizard.

Vanquished Creatures
  2 dart slugs
  2 endoplasms (D:2)
  6 goblins
  3 hobgoblins
  3 quokkas
  3 ball pythons
  6 bats
  3 frilled lizards
  2 kobolds (D:1)
  7 rats
37 creatures vanquished.

Notes
Turn   | Place    | Note
-------+----------+-------------------------------------------
     0 | D:1      | Martska the Demonspawn Fighter began the quest for the Orb.
     0 | D:1      | Reached XP level 1. HP: 18/18 MP: 1/1
    79 | D:1      | Gained mutation: You have sharp fingernails. [demonic
                  | ancestry]
    79 | D:1      | Reached XP level 2. HP: 12/24 MP: 2/2
    86 | D:1      | HP: 1/24 [poisoned by a kobold]
   421 | D:1      | Reached skill level 1 in Dodging
  1057 | D:2      | Reached XP level 3. HP: 26/29 MP: 3/3
  1358 | D:2      | Found a runed translucent door.
  1359 | D:2      | Noticed Crazy Yiuf
  1444 | D:2      | Noticed Sigmund
  1455 | D:2      | HP: 1/29 [something (6)]
  1456 | D:2      | Mangled by Sigmund

Illustrated notes

Levels and vault maps discovered:
D:1:      nzn_arrival_settlement, layout_basic
D:2:      layout_basic, eino_curves_02, uniq_crazy_yiuf_cottage, uniq_sigmund

Skill      XL: |  1  2 |
---------------+-------+-----
Dodging        | 1 |  1.3
Fighting       | |  3.4
Axes           | |  1.7
Armour         | |  2.9
Shields        | |  2.7
Unarmed Combat | |  0.8

Action                     || total
---------------------------++-------
  Melee: War axe           ||    17
         Dagger            ||    75
 Armour: Scale mail        ||    37
  Dodge: Dodged            ||    42
  Block: Buckler           ||    27
